Map: Bel'Shir Vestige LE (Void)

Players

Pokebunny

  • Race: Terran Terran
  • Spawn Location: 11:00

TLO - Winner!

  • Race: Zerg Zerg
  • Spawn Location: 5:00

Event: WCS Austin 2017

VOD

Have the link to the VOD?

Description

Time

  • Played on: April 28, 2017, 2:03 p.m.
  • Length: 6:31

All games in this series

Show
View Real Time Build Order
Export as new Build Order

Pokebunny Terran 

Build Orders: Reaper Expand 

Get SALT Encoding   

  12  0:01  SCV  
  13  0:13  SCV  
  14  0:17  Supply Depot  
  14  0:25  SCV  
  15  0:38  SCV  
  15  0:40  Barracks  
  16  0:43  Refinery  
  16  0:50  SCV  
  17  1:02  SCV  
  18  1:14  SCV  
  19  1:28  Reaper, Orbital Command  
  20  1:38  Command Center  
  20  1:48  Barracks  
  20  1:53  SCV  
  21  1:58  Refinery  
  21  2:01  Barracks Reactor  
  21  2:05  SCV  
  22  2:09  Supply Depot  
  22  2:17  SCV  
  23  2:25  Factory  
  23  2:30  SCV  
  24  2:37  Barracks Tech Lab, Marine x2  
  25  2:53  SCV  
  25  2:57  Stimpack  
  26  2:59  Marine x2  
  26  3:00  Marine  
  29  3:06  SCV  
  30  3:18  Marine  
  30  3:19  Bunker, Marine  
  31  3:29  Marine  
  31  3:31  Cyclone  
  34  3:38  Starport  
  34  3:40  Marine  
  35  3:47  Marine  
  33  3:50  SCV  
  33  3:51  Marine  
  33  3:58  Supply Depot  
  28  4:10  Marine  
  26  4:20  Medivac  
  26  4:21  Cyclone  
  29  4:29  Marine  
  26  4:45  Orbital Command  
  21  4:47  Marine  
  19  4:56  SCV  
  19  5:00  Barracks Reactor  
  19  5:08  SCV  
  19  5:10  Marine  
  19  5:11  SCV  
  22  5:32  Marine  
  23  5:38  SCV  
  23  5:39  SCV  
  25  5:48  Marine x2  
  25  5:49  Marine  
  24  5:51  SCV x2  
  29  6:04  Orbital Command  
  29  6:06  Marine x2  
  29  6:07  Marine, SCV  
  35  6:19  Supply Depot  
  35  6:23  Supply Depot  
Show
View Real Time Build Order
Export as new Build Order

TLO Zerg - Winner!

Build Orders: Pool First, Ravager All-In 

Get SALT Encoding   

  12  0:00  Drone  
  13  0:14  Overlord  
  13  0:17  Drone  
  14  0:32  Drone x2  
  16  0:40  Spawning Pool  
  15  0:43  Drone  
  15  0:48  Drone  
  17  0:57  Drone  
  18  1:12  Hatchery  
  18  1:17  Extractor  
  16  1:19  Extractor  
  15  1:26  Zergling x4  
  15  1:31  Roach Warren  
  16  1:35  Drone  
  17  1:41  Drone  
  18  1:51  Overlord  
  18  2:12  Roach  
  18  2:13  Roach  
  22  2:24  Roach x2  
  26  2:34  Roach  
  26  2:35  Roach  
  30  2:44  Roach  
  30  2:49  Roach  
  31  2:54  Ravager  
  31  2:55  Ravager  
  33  3:05  Overlord  
  33  3:07  Ravager  
  33  3:11  Drone  
  33  3:17  Drone  
  34  3:20  Ravager  
  35  3:30  Ravager  
  35  3:32  Ravager, Drone  
  38  3:37  Drone  
  38  3:39  Drone  
  38  3:40  Drone  
  41  3:46  Drone  
  41  3:47  Drone  
  41  3:48  Drone  
  42  3:50  Drone  
  43  3:57  Drone  
  44  4:06  Queen  
  44  4:09  Drone  
  44  4:24  Overlord  
  44  4:27  Metabolic Boost  
  44  4:28  Queen  
  44  4:40  Drone  
  39  4:47  Drone  
  39  4:48  Queen  
  42  4:53  Drone  
  42  4:58  Zergling x2  
  44  5:00  Zergling x2  
  44  5:02  Zergling x2  
  44  5:03  Queen  
  44  5:04  Evolution Chamber  
  44  5:05  Zergling x2, Evolution Chamber  
  47  5:08  Zergling x2  
  47  5:11  Hatchery  
  47  5:12  Drone  
  48  5:14  Zergling x2  
  49  5:29  Roach  
  49  5:32  Overlord  
  50  5:37  Zergling x2  
  50  5:43  Zergling x2  
  50  5:46  Spore Crawler  
  50  5:47  Zergling x2  
  50  5:48  Zergling x6  
  51  5:51  Drone  
  51  5:53  Drone  
  51  5:56  Drone  
  54  6:01  Drone  
  54  6:02  Drone  
  56  6:05  Drone  
  56  6:06  Drone  
  56  6:07  Drone  
  56  6:11  Overlord, Baneling Nest  
Tags
 
Add a new tag
Caveats
  • Supply blocks, unpowered buildings, or Contaminate may cause inaccurate times.
  • Supply counts are checked every 10 seconds.